Map: Dusk Towers

Players

Pokebunny - Winner!

  • Race: Terran Terran

LilDicky

  • Race: Terran Terran
  • League: Diamond

VOD

http://www.twitch.tv/tumescentpie

Description

Time

  • Played on: Nov. 30, 2015, 3:14 p.m.
  • Length: 6:23
Show
View Real Time Build Order
Export as new Build Order

Pokebunny Terran - Winner!

Build Orders: Command Center First (CC) 

Get SALT Encoding   

  12  0:01  SCV  
  13  0:13  SCV  
  14  0:17  Supply Depot  
  14  0:25  SCV  
  15  0:39  SCV  
  16  0:51  SCV  
  17  1:00  Command Center  
  17  1:04  SCV  
  18  1:13  Barracks  
  18  1:18  SCV  
  19  1:27  Barracks  
  19  1:31  SCV  
  20  1:43  SCV  
  21  2:00  Marine, Orbital Command  
  22  2:08  Refinery x2  
  22  2:14  Marine  
  23  2:16  Orbital Command  
  23  2:18  Marine  
  24  2:27  SCV  
  25  2:32  Marine  
  25  2:36  Marine  
  27  2:41  SCV  
  27  2:42  SCV  
  29  2:45  Supply Depot  
  29  2:50  Barracks  
  29  2:52  Marine  
  29  2:56  Barracks Tech Lab  
  30  2:59  Factory  
  30  3:03  SCV x2  
  32  3:11  Marine  
  33  3:16  SCV x2, Marine  
  33  3:18  Stimpack  
  36  3:24  Supply Depot  
  36  3:28  SCV  
  36  3:29  SCV  
  36  3:32  Engineering Bay  
  38  3:38  Marine  
  38  3:40  SCV, Marine  
  38  3:41  SCV  
  42  3:47  Starport  
  42  3:50  Factory Reactor  
  42  3:54  Marine  
  42  3:56  Marine  
  42  4:01  SCV x2  
  45  4:06  Marine  
  44  4:13  Supply Depot, SCV x2  
  44  4:14  Marine  
  47  4:31  Marine x2  
  49  4:32  Marine, Medivac x2  
  49  4:34  Supply Depot  
  49  4:38  SCV x2  
  56  4:41  Supply Depot  
  56  4:46  Refinery  
  56  4:50  Marine x3  
  59  5:03  Medivac  
  61  5:07  Marine  
  61  5:08  Marine x2  
  61  5:12  SCV x2  
  62  5:30  Marine x3  
  62  5:35  Factory Tech Lab, Medivac  
  65  5:37  Command Center  
  65  5:38  Barracks  
  65  5:39  Barracks  
  65  5:40  SCV x2  
  69  5:44  Supply Depot  
  69  5:52  Barracks Reactor x2  
  69  5:53  Marine  
  69  5:54  SCV x2  
  72  5:57  Refinery  
  72  5:58  Supply Depot  
  72  6:00  Supply Depot  
Show
View Real Time Build Order
Export as new Build Order

LilDicky Terran 

Build Orders:  

Get SALT Encoding   

  12  0:02  SCV  
  13  0:14  SCV  
  13  0:19  Supply Depot  
  14  0:27  SCV  
  15  0:31  Refinery  
  15  0:40  SCV  
  16  0:45  Barracks  
  16  0:52  SCV  
  17  1:04  SCV  
  18  1:16  SCV  
  19  1:31  Orbital Command  
  19  1:34  Reaper  
  19  1:37  Supply Depot  
  20  1:42  Barracks  
  20  1:44  Barracks  
  20  1:54  Refinery  
  20  1:57  SCV  
  21  2:06  Reaper  
  22  2:10  SCV  
  23  2:23  SCV  
  23  2:29  Supply Depot  
  24  2:30  Reaper  
  24  2:32  Reaper  
  24  2:35  SCV  
  27  2:38  Reaper  
  27  2:40  Supply Depot  
  28  2:47  SCV  
  29  2:59  SCV, Supply Depot  
  29  3:02  Reaper  
  29  3:04  Reaper  
  32  3:15  Command Center, Reaper  
  32  3:17  SCV  
  34  3:32  SCV  
  35  3:34  Reaper  
  35  3:36  Reaper  
  35  3:39  Barracks  
  37  3:41  Barracks  
  37  3:50  Refinery  
  37  3:53  Reaper  
  36  3:57  SCV  
  37  4:06  Reaper  
  37  4:08  Reaper  
  37  4:09  SCV  
  37  4:21  SCV  
  38  4:25  Reaper  
  38  4:28  Reaper x2  
  42  4:32  Orbital Command  
  42  4:33  SCV  
  42  4:40  Reaper  
  42  4:45  SCV  
  44  4:53  Reaper  
  44  4:57  SCV  
  46  5:01  Reaper x3  
  46  5:05  SCV  
  50  5:09  SCV  
  50  5:12  Reaper  
  52  5:17  Factory  
  52  5:26  Reaper  
  51  5:32  SCV  
  51  5:33  Reaper x3  
  55  5:41  Refinery  
  55  5:44  Command Center  
  55  5:45  Reaper  
  55  5:46  Engineering Bay  
  55  5:47  SCV  
  55  5:48  SCV  
  58  5:59  SCV  
Tags
 
Add a new tag
Caveats
  • Supply blocks, unpowered buildings, or Contaminate may cause inaccurate times.
  • Supply counts are checked every 10 seconds.